AoeStats
← KnightInTraining

Arena

504406157Analyzed
1v1 RM · 26d ago on Sep 5, 2026· 46m 38s· 2 players
Game mode
Random Map
Map size
Tiny (2 player)
Population
200
Speed
Normal
Resources
Standard
Victory
Conquest
Starting age
Dark Age
Ending age
Imperial Age
RankedLock teamsTeams togetherTeam positionsShared explorationLock speedFull tech treeHidden civsTurbo modeCheats
Victory
Defeat
🇮🇳 Teutons · India
358
+23
🇵🇪 Teutons · Peru
533
-23
KnightInTraining
4:25 Loom
10:01 Feudal Age
10:43 Double-Bit Axe
13:50 Wheelbarrow
17:12 Forging
19:23 Scale Mail Armor
23:00 Castle Age
21:23 Scale Barding Armor
22:38 Bloodlines
28:25 Gold Mining
30:52 Chain Barding Armor
31:11 Iron Casting
31:11 Bow Saw
32:27 Horse Collar
33:03 Stone Mining
35:00 Hand Cart
36:31 Heavy Plow
41:18 Imperial Age
39:29 Ballistics
39:30 Fletching
40:51 Bodkin Arrow
42:22 Stone Shaft Mining
44:31 Chemistry
jlunamatos
1:19 Loom
1:54 Loom
11:06 Feudal Age
11:34 Horse Collar
12:33 Wheelbarrow
11:47 Double-Bit Axe
22:27 Gold Mining
23:47 Stone Mining
28:45 Castle Age
28:48 Forging
29:35 Padded Archer Armor
29:44 Scale Barding Armor
29:59 Town Watch
30:41 Leather Archer Armor
30:30 Scale Mail Armor
33:08 Fletching
34:30 Heavy Plow
34:48 Bow Saw
36:18 Bloodlines
38:17 Chain Barding Armor
39:56 Stone Shaft Mining
42:39 Imperial Age
42:15 Hand Cart
42:01 Town Patrol
43:39 Ballistics
43:38 Chain Mail Armor
46:15 Cavalier
Connection lost

Rejoining the realm…

Still unreachable

The connection could not be restored.

Session expired

The server has moved on; the page needs a fresh start.